 Dungeon Sprint DCSS version 0.21-a0-274-gc1afaeb (webtiles) character file.

8724 potatolord6000 the Severer (level 11, 0/114 HPs)
             Began as a Hill Orc Monk on Sept 19, 2017.
             Was the Champion of Beogh.
             Succumbed to Sonja's curare-tipped needle
             ... in the Dungeon (Sprint VII: "The Pits").
             The game lasted 00:05:07 (1236 turns).

potatolord6000 the Severer (Hill Orc Monk)          Turns: 1236, Time: 00:05:07

Health: 0/114      AC: 21    Str: 21    XL:     11   Next: 35%
Magic:  5/23       EV:  8    Int: 13    God:    Beogh [******]
Gold:   0          SH:  0    Dex: 13    Spells: 10/10 levels left

rFire    . . .     SeeInvis .   u - +1 broad axe (freeze)
rCold    . . .     Gourm    .   (no shield)
rNeg     . . .     Faith    .   e - +2 plate armour
rPois    .         Spirit   .   p - +1 hat
rElec    .         Reflect  .   (no cloak)
rCorr    .         Harm     .   j - +0 pair of gloves
MR       .....     NoTele   +   (no boots)
Stlth    ..........             (no amulet)
HPRegen  0.29/turn              q - +3 ring of strength
MPRegen  0.18/turn              r - +3 ring of intelligence

@: lethally poisoned (0 -> -1), slowed, very slow
A: walk on water
a: Smiting, Recall Orcish Followers, Give Item to Named Follower, Resurrection,
Renounce Religion


You were in the Dungeon.
You worshipped Beogh.
Beogh was exalted by your worship.
You were very full.

You visited 1 branch

Inventory:

Hand Weapons
 u - a +1 broad axe of freezing (weapon)
Armour
 e - a +2 plate armour (worn)
 j - a +0 pair of gloves (worn)
 p - a +1 hat (worn)
Jewellery
 q - a +3 ring of strength (left hand)
 r - a +3 ring of intelligence (right hand)
Scrolls
 i - a scroll of blinking
 k - 3 scrolls of remove curse
 l - 5 scrolls of amnesia
 m - a scroll of summoning
Potions
 a - 2 potions of invisibility
 d - 8 potions of curing
 f - a potion of might {unknown}
 g - 2 potions of magic
 h - 2 potions of berserk rage
 s - 2 potions of brilliance
Comestibles
 c - 8 bread rations
 n - 40 fruits
 o - 5 meat rations


   Skills:
 + Level 16.0 Fighting
 + Level 17.3 Axes
 + Level 14.5 Armour
 - Level 2.4 Dodging
 - Level 1.5 Stealth
 + Level 16.7 Invocations


You had 10 spell levels left.
You didn't know any spells.

Dungeon Overview and Level Annotations

Branches:
Dungeon (1/1)

Altars:
Ashenzari
Cheibriados
Dithmenos
Elyvilon
Fedhas
Gozag
Hepliaklqana
Kikubaaqudgha
Makhleb
Nemelex Xobeh
Okawaru
Qazlal
Ru
Sif Muna
Trog
Uskayaw
Vehumet
Wu Jian
Xom
Yredelemnul
Zin
The Shining One
Beogh
Jiyva
Lugonu


Message History

You feel sick.
Unknown command.
Unknown command.
Unknown command.
Aiming: Smiting
Press: ? - help, Dir - move target cursor, f - blink frog Smite: a blink frog You smite the blink frog!
The blink frog is severely wounded.
You recover from your berserk rage.
The blink frog hits you but does no damage.
The blink frog hits you!
* * * LOW HITPOINT WARNING * * *
Bolgrim calls down the wrath of Beogh upon the blink frog.
The blink frog is smitten.
Unknown command.
You hit the blink frog.
The blink frog seems to slow down.
You freeze the blink frog.
The blink frog is almost dead.
You die...

''###### ''# ..# ..#
..#### #+######
..#..#####.##...##+##
..#....##...#...#..)#
..'.....#...#...#...#...
..'.....'..†).)o@F..'...
..'.....#..)#.)o#)..#...
..#....##...#...#...#
..#..#####.##...##'##
..####...#+######...
..##.....))†......#..
..#..............# #..
################## ###


You could see a blink frog, a friendly orc warrior and the friendly Bolgrim the
orc priest.

Vanquished Creatures
  Gastronok (D)
  A vampire knight (D)
  Sonja (D)
  A sixfirhy (D)
  2 gargoyles (D)
  An orange demon (D)
  A komodo dragon (D)
  A hellwing (D)
  A guardian mummy (D)
  7 blink frogs (D)
  A shadow (D)
  A wraith (D)
  A tarantella (D)
  A spriggan (D)
  A steam dragon (D)
  4 vampire mosquitoes (D)
  A hungry ghost (D)
  A floating eye (D)
  A water moccasin (D)
  An ogre (D)
  A wolf (D)
  A bullfrog (D)
  A big kobold (D)
  A gnoll sergeant (D)
  3 wights (D)
  2 hounds (D)
  A jelly (D)
  A worker ant (D)
  A mummy (D)
  2 gnolls (D)
  A river rat (D)
  A white imp (D)
  An ufetubus (D)
  An ooze (D)
  2 leopard geckos (D)
  2 giant cockroaches (D)
  A hobgoblin (D)
  4 jackals (D)
  A quokka zombie (D)
58 creatures vanquished.

Vanquished Creatures (others)
  A blink frog (D)
  A shadow (D)
  A ball python (D)
3 creatures vanquished.

Grand Total: 61 creatures vanquished

Notes
Turn   | Place    | Note
-------+----------+-------------------------------------------
     0 | D        | potatolord6000 the Hill Orc Monk began the quest for the Orb.
     0 | D        | Reached XP level 1. HP: 19/19 MP: 1/1
    15 | D        | Reached skill level 1 in Armour
    50 | D        | Found a bloodstained altar of Trog.
    50 | D        | Found a deep blue altar of Sif Muna.
    50 | D        | Found a viscous altar of Jiyva.
    50 | D        | Found a hazy altar of Hepliaklqana.
    50 | D        | Found an opulent altar of Gozag.
    51 | D        | Found a glowing golden altar of the Shining One.
    51 | D        | Found a glowing silver altar of Zin.
    51 | D        | Found a basalt altar of Yredelemnul.
    51 | D        | Found a shimmering altar of Xom.
    51 | D        | Found an ornate altar of the Wu Jian Council.
    51 | D        | Found a sacrificial altar of Ru.
    51 | D        | Found a stormy altar of Qazlal.
    51 | D        | Found an iron altar of Okawaru.
    51 | D        | Found a sparkling altar of Nemelex Xobeh.
    51 | D        | Found a burning altar of Makhleb.
    51 | D        | Found a blossoming altar of Fedhas.
    51 | D        | Found a white marble altar of Elyvilon.
    51 | D        | Found a shadowy altar of Dithmenos.
    51 | D        | Found a snail-covered altar of Cheibriados.
    54 | D        | Found a corrupted altar of Lugonu.
    54 | D        | Found a radiant altar of Vehumet.
    54 | D        | Found a roughly hewn altar of Beogh.
    56 | D        | Found a shattered altar of Ashenzari.
    56 | D        | Found an ancient bone altar of Kikubaaqudgha.
    56 | D        | Found a hide-covered altar of Uskayaw.
    63 | D        | Became a worshipper of Beogh the Brigand
    63 | D        | Reached * piety under Beogh
    63 | D        | Reached ** piety under Beogh
    90 | D        | Reached skill level 5 in Axes
    90 | D        | Reached skill level 1 in Invocations
    90 | D        | Reached XP level 2. HP: 24/28 MP: 1/3
   122 | D        | Reached skill level 5 in Fighting
   126 | D        | Reached *** piety under Beogh
   126 | D        | Reached XP level 3. HP: 25/36 MP: 3/5
   217 | D        | Noticed an ogre
   233 | D        | Killed an ogre
   233 | D        | Reached skill level 7 in Axes
   233 | D        | Reached skill level 5 in Invocations
   233 | D        | Reached XP level 4. HP: 45/45 MP: 5/8
   233 | D        | Reached XP level 5. HP: 51/51 MP: 5/9
   234 | D        | Reached **** piety under Beogh
   340 | D        | Noticed a water moccasin
   341 | D        | Killed a water moccasin
   341 | D        | Reached skill level 8 in Axes
   349 | D        | Reached skill level 9 in Axes
   349 | D        | Reached XP level 6. HP: 61/61 MP: 4/11
   525 | D        | Reached ***** piety under Beogh
   525 | D        | Reached skill level 10 in Axes
   597 | D        | Reached XP level 7. HP: 43/70 MP: 13/13
   740 | D        | Noticed Gastronok
   740 | D        | Noticed a wraith
   743 | D        | Killed a wraith
   743 | D        | Reached skill level 10 in Fighting
   743 | D        | Reached skill level 11 in Axes
   743 | D        | Reached skill level 10 in Invocations
   765 | D        | Killed Gastronok
   765 | D        | Reached skill level 13 in Axes
   765 | D        | Reached XP level 8. HP: 48/85 MP: 3/17
   765 | D        | Reached XP level 9. HP: 51/92 MP: 3/18
   994 | D        | Noticed a hellwing
   996 | D        | Killed a hellwing
   996 | D        | Reached skill level 14 in Axes
  1050 | D        | Noticed a gargoyle
  1063 | D        | Killed a gargoyle
  1063 | D        | Reached XP level 10. HP: 53/101 MP: 17/20
  1071 | D        | Reached ****** piety under Beogh
  1074 | D        | Reached skill level 15 in Axes
  1162 | D        | Noticed a sixfirhy
  1162 | D        | Noticed a vampire knight
  1164 | D        | Killed a vampire knight
  1164 | D        | Reached skill level 15 in Invocations
  1166 | D        | Killed a sixfirhy
  1168 | D        | Noticed an orange demon
  1168 | D        | Noticed a gargoyle
  1174 | D        | Killed a gargoyle
  1174 | D        | Reached skill level 16 in Axes
  1181 | D        | Killed an orange demon
  1182 | D        | Reached skill level 15 in Fighting
  1188 | D        | Paralysed by a floating eye for 3 turns
  1196 | D        | Paralysed by a floating eye for 3 turns
  1201 | D        | Paralysed by a floating eye for 3 turns
  1207 | D        | Reached XP level 11. HP: 45/112 MP: 11/22
  1212 | D        | Noticed Sonja
  1225 | D        | Gained Bolgrim as an ally
  1225 | D        | Reached skill level 17 in Axes
  1227 | D        | Killed Sonja
  1235 | D        | HP: 1/114 [blink frog (8)]
  1236 | D        | Succumbed to Sonja's curare-tipped needle

Vault maps used:
D:        pitsprint

Skill      XL: |  1  2  3  4  5  6  7  8  9 10 11 |
---------------+----------------------------------+-----
Fighting       | 4 5 6 8 9 12 13 15 16 | 16.0
Armour         | 2 4 6 8 11 12 13 14 | 14.5
Axes           | 5 7 9 10 13 14 16 17 | 17.3
Invocations    | 1 2 5 7 9 13 14 15 16 | 16.7
Dodging        | |  2.4
Stealth        | |  1.5

Action                   |  1- 3 |  4- 6 |  7- 9 | 10-12 || total
-------------------------+-------+-------+-------+-------++-------
Melee: Hand axe          |    30 |    68 |    24 |       ||   122
       Broad axe         |       |       |    21 |    49 ||    70
Invok: Smiting           |       |     2 |    11 |    16 ||    29
  Use: Potion            |     3 |       |     2 |    11 ||    16
  Eat: Meat ration       |       |       |     2 |       ||     2
Armor: Robe              |     4 |       |       |       ||     4
       Plate armour      |       |    32 |    46 |    83 ||   161
Dodge: Dodged            |    27 |    13 |    21 |    37 ||    98

Table legend:
 A = Spawn XP
 B = Non-spawn XP
 C = Spawn XP percentage of total XP
 D = Spawn monster count
 E = Non-spawn monster count
 F = Spawn count percentage of total count
 G = Total turns spent on level
                    A         B        C        D         E        F      G
               +---------+---------+-------+---------+---------+-------+---------
         Total |       0 |   12464 |   0.0 |       0 |      59 |   0.0 |  1236
               +---------+---------+-------+---------+---------+-------+---------
             D |       0 |   12464 |   0.0 |       0 |      59 |   0.0 |  1236
               +---------+---------+-------+---------+---------+-------+---------
